Match 46970185
Unlisted

Match 46970185
End
Construct Barracks
Selects Heavy Weapons
Selects Heavy Weapons
Riflemen Squad
Riflemen Squad
Grenade Package
Riflemen Squad
Construct Medical Station
Selects Assault Carriers
Mechanized Support Center
Construct Motor Pool
Selects Exchangeable Parts
M3 75 mm Gun Motor Carriage
Riflemen Squad
M3 75 mm Gun Motor Carriage
M1 Anti-tank Gun Team
Riflemen Squad
【POW】游骑
g3org391
Angpang
The101stAirBorne ITA
Konrad Curze
FLOKL
0
0

Comments sign in to comment!

No comments posted yet!